 Dungeon Crawl Stone Soup version 0.25.0-9-g26727b657a (webtiles) character file.

Game seed: 17959959213149608769

828 shadizar the Sneak (level 7, -11/49 HPs)
             Began as an Octopode Assassin on June 21, 2020.
             Was an Initiate of Okawaru.
             Mangled by an orc warrior
             ... wielding a +0 flail
              (16 damage)
             ... in the Ecumenical Temple.
             The game lasted 00:09:16 (5223 turns).

shadizar the Sneak (Octopode Assassin)              Turns: 5223, Time: 00:09:17

Health: -11/49     AC:  8    Str: 12    XL:     7   Next: 97%
Magic:  7/7        EV: 13    Int: 13    God:    Okawaru [......]
Gold:   233        SH:  9    Dex: 17    Spells: 6/6 levels left

rFire    . . .     SeeInvis .   r - +2 rapier "Kiotuawn" {protect, Dex+3} (curse)
rCold    . . .     Gourm    .   f - +0 kite shield
rNeg     . . .     Faith    .   (helmet restricted)
rPois    .         Spirit   .   (no amulet)
rElec    .         Reflect  .   (no ring)
rCorr    .         Harm     .   (no ring)
MR       .....                  (no ring)
Stlth    ++++......             (no ring)
HPRegen  0.16/turn              (no ring)
MPRegen  0.10/turn              (no ring)
                                (no ring)
                                (no ring)

@: protection aura
A: almost no armour, stealthy swim, amphibious, 8 rings, constrict 8, camouflage
1, gelatinous body 1
a: Renounce Religion


You were in the Ecumenical Temple.
You worshipped Okawaru.
Okawaru was noncommittal.
You were not hungry.

You visited 2 branches of the dungeon, and saw 6 of its levels.
You also visited: Sewer.

You collected 233 gold pieces.

Inventory:

Hand Weapons
 a - a +2 dagger
 g - a +3 whip of venom
 l - a +1 hand axe of draining
 r - the cursed +2 rapier "Kiotuawn" (weapon) {protect, Dex+3}
   (You found it on level 4 of the Dungeon)

   It grants its wielder temporary protection when it strikes (+7 to AC).
   It affects your dexterity (+3).
   It has a curse placed upon it.
Missiles
 b - 16 poisoned darts (quivered)
 c - 5 curare-tipped darts
 k - 15 boomerangs
Armour
 f - a +0 kite shield (worn)
Wands
 q - a wand of random effects (14)
 s - a wand of iceblast (9)
Scrolls
 e - a scroll of identify
 j - a scroll of blinking
 t - a scroll of teleportation
Potions
 h - a potion of cancellation {unknown}
 i - 5 potions of brilliance
 n - a potion of magic {unknown}
 o - 5 potions of curing
 u - 2 potions of might
Comestibles
 d - 4 rations


   Skills:
 + Level 4.4 Fighting
 + Level 2.8 Short Blades
 - Level 3.2 Maces & Flails
 - Level 2.0 Throwing
 + Level 4.0 Dodging
 - Level 6.3 Stealth
 + Level 3.9 Shields
 + Level 0.0 Invocations


You had 6 spell levels left.
You didn't know any spells.
Your spell library was empty.

Dungeon Overview and Level Annotations

Branches:
Dungeon (5/15)             Temple (1/1) D:5           Sewer (visited)

Altars:
Cheibriados
Dithmenos
Elyvilon
Gozag
Hepliaklqana
Kikubaaqudgha
Makhleb
Nemelex Xobeh
Okawaru
Qazlal
Sif Muna
Uskayaw
Xom
Yredelemnul
Zin
The Shining One

Annotations:
D:4 3 runed translucent doors, IHuginn's ghost, amateur GrFi


Innate Abilities, Weirdness & Mutations

You cannot wear most types of armour.
You are very stealthy in the water. (Stealth+)
You are amphibious.
You can wear up to eight rings at the same time.
You can use your tentacles to constrict eight enemies at once.
Your skin changes colour to match your surroundings (Stealth+).
Your rubbery body absorbs attacks. (AC +1, EV +1)


Message History

You hit the orc warrior but do no damage.
You squeeze the orc warrior, but do no damage.
The orc warrior is moderately wounded.
You constrict the orc warrior.
The orc warrior hits you with a +0 flail.
* * * LOW HITPOINT WARNING * * *
You hit the orc warrior but do no damage.
The orc warrior is heavily wounded.
You constrict the orc warrior.
The orc warrior hits you with a +0 flail.
* * * LOW HITPOINT WARNING * * *
You feel much better.
You constrict the orc warrior, but do no damage.
The orc warrior hits you with a +0 flail!
* * * LOW HITPOINT WARNING * * *
You puncture the orc warrior!
The orc warrior is almost dead.
You constrict the orc warrior.
The orc warrior hits you with a +0 flail!
You die...

#...#...#.##.##.#...#.##.#
#...##.##.#...#.##.##.#...
#..........._..........._.
##........#...#.##.##.#...
#........##.##.#...#.##.#
##..............._.......
##............#...#.##.#
##...........##.##.#...
##...@.............._.
##..o............#...
###.............##.#
###...............
####..........⌠.
#####........ #########


You could see an orc warrior.

Vanquished Creatures
  Grinder (D:4)
  A phantom (D:5)
  A water moccasin skeleton (D:4)
  2 scorpions
  A centaur skeleton (D:4)
  A hound (D:4)
  An orc priest (D:4)
  An orc wizard (D:4)
  4 worker ants
  8 adders
  An ooze (D:2)
  2 worms
  6 leopard geckos
  6 orcs
  5 ball pythons
  4 giant cockroaches
  6 goblins
  6 hobgoblins
  16 jackals
  2 quokkas
  8 bats
  7 frilled lizards
  17 kobolds
  6 rats
  5 plants (Sewer)
118 creatures vanquished.

Notes
Turn   | Place    | Note
-------+----------+-------------------------------------------
     0 | D:1      | shadizar the Octopode Assassin began the quest for the Orb.
     0 | D:1      | Reached XP level 1. HP: 14/14 MP: 1/1
   204 | D:1      | Reached XP level 2. HP: 15/19 MP: 2/2
   747 | D:1      | Reached XP level 3. HP: 24/24 MP: 3/3
   873 | D:2      | Reached skill level 1 in Shields
   904 | D:2      | Reached skill level 1 in Maces & Flails
  1571 | D:2      | Reached XP level 4. HP: 18/30 MP: 4/4
  1806 | D:2      | Found a faded altar of an unknown god.
  2521 | D:3      | Reached skill level 6 in Stealth
  2611 | D:3      | Noticed an ogre
  2754 | D:3      | Found a glowing drain.
  2776 | Sewer    | Entered a sewer
  2819 | Sewer    | Reached XP level 5. HP: 34/36 MP: 5/5
  4003 | D:4      | Reached XP level 6. HP: 42/42 MP: 6/6
  4316 | D:4      | Found a runed translucent gate.
  4316 | D:4      | Found a runed translucent gate.
  4316 | D:4      | Found a runed translucent gate.
  4334 | D:4      | Noticed Grinder
  4338 | D:4      | Paralysed by Grinder for 3 turns
  4347 | D:4      | Killed Grinder
  4347 | D:4      | Reached XP level 7. HP: 46/47 MP: 7/7
  4449 | D:4      | Got a jewelled rapier
  4450 | D:4      | Identified the cursed +2 rapier "Kiotuawn" {protect, Dex+3}
                  | (You found it on level 4 of the Dungeon)
  4549 | D:4      | Noticed IHuginn's ghost (amateur GrFi)
  4845 | D:5      | Entered Level 5 of the Dungeon
  4870 | D:5      | Found a staircase to the Ecumenical Temple.
  4901 | Temple   | Entered the Ecumenical Temple
  5067 | Temple   | Became a worshipper of Warmaster Okawaru
  5204 | D:5      | HP: 2/49 [orc warrior/+0 flail (12)]
  5221 | Temple   | HP: 2/49 [orc warrior/+0 flail (5)]
  5223 | Temple   | Mangled by an orc warrior

Illustrated notes

Levels and vault maps discovered:
D:1:      minmay_arrival_semitransparent, layout_basic, minmay_domino_2
D:2:      layout_basic, chequers_ecumenical_altar_simple
D:3:      layout_loops_corners, gup_sewer_entry_pipe, serial_glass,
          glass_columns_c, glass_columns_a, item_on_display_a, feat_on_display
D:4:      wander_river, layout_basic, first_ration, gammafunk_ghost_icy,
          uniq_grinder
D:5:      layout_rooms, minmay_temple_entry_junction, interstate_on_off,
          kennysheep_okawaru_gauntlet, uniq_duvessa
Temple:   nicolae_temple_elliptical

Skill      XL: |  1  2  3  4  5  6  7 |
---------------+----------------------+-----
Shields        | 1 2 3 |  3.9
Maces & Flails | 1 2 3 |  3.2
Dodging        | 2 3 4 |  4.0
Stealth        | 6 |  6.3
Fighting       | 3 4 |  4.4
Short Blades   | |  2.8
Throwing       | |  2.0

Action                   |  1- 3 |  4- 6 |  7- 9 || total
-------------------------+-------+-------+-------++-------
Melee: Whip              |    70 |   170 |     6 ||   246
       Dagger            |     2 |       |       ||     2
       Constrict         |    14 |    38 |     8 ||    60
       Tentacles         |    11 |    43 |    11 ||    65
       Rapier            |       |       |    47 ||    47
  Use: Scroll            |       |    10 |       ||    10
       Potion            |       |     1 |     2 ||     3
 Stab: Sleeping          |    12 |    17 |     6 ||    35
  Eat: Chunk             |     2 |     9 |     3 ||    14
Armor: Skin              |     4 |     8 |     3 ||    15
Dodge: Dodged            |    20 |    38 |    22 ||    80
Block: Kite shield       |    22 |    30 |     9 ||    61
